 Dungeon Crawl Stone Soup version 0.19.4-9-g45fd643 (webtiles) character file.

21314 Rrauwl the Basher (level 12, -5/70 HPs)
             Began as a Gargoyle Fighter on Feb 21, 2017.
             Was a High Priest of Okawaru.
             Slain by a hippogriff (6 damage)
             ... on level 4 of the Lair of Beasts on Feb 22, 2017.
             The game lasted 01:22:37 (11060 turns).

Rrauwl the Basher (Gargoyle Fighter)               Turns: 11060, Time: 01:22:38

Health: -5/70      AC:  0    Str: 25    XL:     12   Next: 88%
Magic:  16/16      EV: 15    Int:  6    God:    Okawaru [*****.]
Gold:   735        SH:  0    Dex: 10    Spells: 0 memorised, 11 levels left

rFire  . . .     SeeInvis .     (weapon currently unavailable)
rCold  . . .     Gourm    .     (armour currently unavailable)
rNeg   + . .     Faith    .     (shield currently unavailable)
rPois  ∞         Spirit   .     (helmet currently unavailable)
rElec  .         Reflect  .     (cloak currently unavailable)
rCorr  .         Harm     .     (gloves currently unavailable)
MR     .....                    (boots currently unavailable)
Stlth  +++.......               b - amulet of regeneration
                                (ring currently unavailable)
                                (ring currently unavailable)

@: pig-form, slowed
A: blurry vision 1, dopey 1, negative energy resistance 1, (electricity
resistance), (unbreathing), petrification resistance, rot immunity, MP-powered
wands, AC +8
a: Heroism, Finesse, Renounce Religion


You were on level 4 of the Lair of Beasts.
You worshipped Okawaru.
Okawaru was extremely pleased with you.
You were not hungry.
You were a filthy swine.
You visited 3 branches of the dungeon, and saw 16 of its levels.

You collected 837 gold pieces.
You spent 102 gold pieces at shops.

Inventory:

Hand Weapons
 f - the +14 obsidian axe {chop, +Fly SInv *Curse}
   (Okawaru gifted it to you on level 1 of the Lair of Beasts)

   It inflicts extra damage upon your enemies.
   It lets you see invisible.
   It lets you fly.
   It may re-curse itself when equipped.
 v - a +8 mace of venom (melded)
Missiles
 l - 7 javelins of penetration
Armour
 i - a +1 helmet (melded)
 o - a +1 pair of gloves (melded)
 p - a +2 pair of boots (melded)
 y - a +2 buckler of protection (melded)
 B - a +2 crystal plate armour
 E - a +4 chain mail of magic resistance (melded)
Jewellery
 b - an amulet of regeneration (around neck)
 r - an uncursed ring of positive energy
 D - an uncursed ring of resist corrosion
 I - a +4 ring of slaying (melded)
 N - a ring of protection from cold (melded)
Wands
 h - a wand of confusion (34/48)
 m - a wand of lightning (5/15)
 s - a wand of digging (15/24)
 C - a wand of teleportation (1/9)
Scrolls
 c - a scroll of amnesia
 e - 6 scrolls of identify
 k - 2 scrolls of blinking
 n - 5 scrolls of teleportation
 t - 3 scrolls of remove curse
 z - a scroll of noise
 L - 4 scrolls of fog
Potions
 g - a potion of agility
 j - a potion of flight
 q - 6 potions of curing
 x - 3 potions of ambrosia
 A - a potion of heal wounds
 H - 2 potions of resistance
Comestibles
 a - 2 beef jerkies
 d - a meat ration
 u - a bread ration
 K - 8 fruits


   Skills:
 - Level 6.0 Fighting
 + Level 13.5 Maces & Flails
 - Level 4.4 Throwing
 - Level 9.0 Armour
 - Level 4.0 Dodging
 - Level 7.0 Stealth
 + Level 7.4 Shields
 + Level 5.5 Invocations
 + Level 4.7 Evocations


You had 11 spell levels left.
You didn't know any spells.

Dungeon Overview and Level Annotations

Branches:
Dungeon (11/15)            Temple (1/1) D:5            Lair (4/6) D:10
 Shoals (0/4) Lair:4
  Snake: Lair:2-4    Spider: Lair:2-4       Orc: D:9-12

Altars:
Dithmenos
Elyvilon
Fedhas
Gozag
Hepliaklqana
Makhleb
Nemelex Xobeh
Okawaru
Qazlal
Ru
Sif Muna
Xom
The Shining One

Shops:
D:6 ?

Annotations:
D:4 Grinder
Lair:4 Kirke


Innate Abilities, Weirdness & Mutations

You are resistant to torment.
((Your stone body is resilient. (AC +8)))
You are immune to poison.
You resist negative energy. (rN+)
((You are resistant to electric shocks. (rElec)))
((You can survive without breathing.))
You are immune to petrification.
You are immune to rotting.
Scrolls take you a little longer to read.
You are dopey. (Int -2)
You expend magic power (3 MP) to strengthen your wands.


Message History

There is a stone staircase leading down here.
You hit the hog but do no damage.
The hog is severely wounded.
The hog barely misses you.
Kirke points at you and mumbles some strange words.
You feel as though you will be slow longer.
The hog barely misses you. x2; Kirke completely misses you.
The hog closely misses you. The hog closely misses you. The hog bites you.
The hog bites you! Kirke gestures at you while chanting.
You struggle to resist.
The hog bites you!
* * * LOW HITPOINT WARNING * * *
You climb downwards.
The scorpion closely misses you. The hippogriff bites you!
* * * LOW HITPOINT WARNING * * *
The hippogriff barely misses you. The hippogriff claws you.
* * * LOW HITPOINT WARNING * * *
The scorpion stings you.
* * * LOW HITPOINT WARNING * * *
The hippogriff misses you. The hippogriff pecks you.
You die...

..............
≈≈≈.......... .
≈≈..........
.≈##≈..........
.≈≈≈≈..........
.≈≈≈≈..........
......shh......
#h# ......@H#
##.P#..h. ..
.P.....
.....H...
......[.....
...>.....P.#.
.............#


You could see Kirke, a manticore, a hippogriff, 3 hogs and a scorpion.

Vanquished Creatures
  Erolcha (D:9)
  2 hydras
  Urug (D:10)
  A hill giant (D:11)
  Pikel (D:9)
  An ugly thing (D:11)
  A cyclops (D:11)
  A black mamba (Lair:1)
  5 elephants (Lair:3)
  3 spiny frogs
  A centaur skeleton (D:10)
  2 komodo dragons
  A troll (D:11)
  6 hippogriffs
  2 vampires (D:11)
  20 yaks
  A spriggan (D:9)
  Eustachio (D:4)
  2 basilisks
  2 steam dragons (D:11)
  2 hogs (Lair:4)
  A hungry ghost (D:7)
  Grum (D:9)
  4 water moccasins
  3 porcupines
  Duvessa (D:4)
  An ice beast (D:10)
  2 phantoms
  4 slaves (D:9)
  A black bear (D:11)
  3 orc warriors
  2 sky beasts
  2 eyes of draining (D:11)
  A necrophage (D:10)
  4 centaurs
  13 wolves
  8 ogres
  2 crocodiles
  Blork the orc (D:5)
  13 bullfrogs
  A big kobold (D:10)
  A gnoll sergeant (D:8)
  Dowan (D:4)
  3 scorpions
  3 howler monkeys
  A wight (D:11)
  4 crimson imps
  2 centaur zombies
  2 bullfrog zombies
  8 hounds
  6 orc priests
  4 jellies
  A gnoll shaman (D:5)
  2 bullfrog skeletons
  An iguana (D:8)
  6 worker ants
  Natasha (thrice) (D:2)
  10 orc wizards
  A hound zombie (D:11)
  3 hound skeletons
  2 worker ant zombies
  Robin (D:3)
  11 gnolls
  10 adders
  4 shadow imps
  An ooze (D:4)
  An adder skeleton (D:9)
  2 worms
  2 dart slugs
  6 leopard geckos
  31 orcs
  2 bats
  6 giant cockroaches
  13 goblins
  3 hobgoblins (D:3)
  12 jackals
  10 kobolds
  5 quokkas
  6 frilled lizards
  A leopard gecko skeleton (D:5)
  5 rats
  3 fungi
324 creatures vanquished.

Vanquished Creatures (others)
  An adder (D:11)
  An orc (D:11)
  3 fungi
  A plant (Lair:1)
6 creatures vanquished.

Grand Total: 330 creatures vanquished

Notes
Turn   | Place    | Note
-------+----------+-------------------------------------------
     0 | D:1      | Rrauwl the Gargoyle Fighter began the quest for the Orb.
     0 | D:1      | Reached XP level 1. HP: 14/14 MP: 1/1
   283 | D:1      | Reached XP level 2. HP: 19/19 MP: 2/2
   287 | D:1      | Reached skill level 1 in Stealth
   646 | D:2      | Found a faded altar of an unknown god.
   649 | D:2      | Noticed Natasha
   656 | D:2      | Killed Natasha
   656 | D:2      | Reached skill level 1 in Dodging
   656 | D:2      | Reached XP level 3. HP: 15/23 MP: 3/3
   666 | D:2      | Reached skill level 3 in Maces & Flails
   711 | D:2      | Noticed Natasha
   721 | D:2      | Killed Natasha
   721 | D:2      | Reached XP level 4. HP: 19/28 MP: 4/4
   957 | D:2      | Noticed Natasha
   970 | D:2      | Killed Natasha
   970 | D:2      | Reached skill level 4 in Maces & Flails
  1022 | D:2      | Reached XP level 5. HP: 27/32 MP: 5/5
  1805 | D:3      | Reached skill level 1 in Throwing
  1833 | D:3      | Reached skill level 5 in Maces & Flails
  1833 | D:3      | Reached XP level 6. HP: 31/37 MP: 6/6
  1873 | D:3      | Noticed Robin
  1901 | D:3      | Killed Robin
  2216 | D:3      | Found a burning altar of Makhleb.
  2398 | D:4      | Noticed Duvessa
  2398 | D:4      | Noticed Dowan
  2422 | D:4      | Killed Duvessa
  2422 | D:4      | Reached skill level 6 in Maces & Flails
  2432 | D:4      | Killed Dowan
  2432 | D:4      | Reached XP level 7. HP: 41/41 MP: 7/7
  2524 | D:4      | Noticed Grinder
  2536 | D:4      | Paralysed by Grinder for 4 turns
  2570 | D:4      | Reached skill level 7 in Maces & Flails
  2658 | D:4      | Noticed Eustachio
  3017 | D:4      | Killed Eustachio
  3017 | D:4      | Reached skill level 8 in Maces & Flails
  3192 | D:4      | Found a blossoming altar of Fedhas.
  3286 | D:5      | Entered Level 5 of the Dungeon
  3373 | D:5      | Noticed Blork the orc
  3423 | D:5      | Killed Blork the orc
  3423 | D:5      | Reached XP level 8. HP: 46/46 MP: 8/8
  3538 | D:5      | Found a staircase to the Ecumenical Temple.
  3549 | D:5      | Reached skill level 9 in Maces & Flails
  3564 | Temple   | Entered the Ecumenical Temple
  3593 | Temple   | Became a worshipper of Warmaster Okawaru
  3627 | D:5      | Found an opulent altar of Gozag.
  3875 | D:5      | Reached skill level 1 in Invocations
  3983 | D:5      | Identified a scroll of acquirement
  4052 | D:5      | Got a slimy leather armour
  4063 | D:5      | Identified the +1 leather armour of Keisutisu {Int+4 Dex+4} (You found it on level 5 of the Dungeon)
  4564 | D:6      | Found Lavy's Magic Scroll Shop.
  4572 | D:6      | Bought a scroll of enchant weapon for 90 gold pieces
  4572 | D:6      | Bought a scroll of random uselessness for 12 gold pieces
  5039 | D:6      | Reached * piety under Okawaru
  5039 | D:6      | Reached XP level 9. HP: 42/52 MP: 9/11
  5089 | D:7      | Noticed a komodo dragon
  5097 | D:7      | Killed a komodo dragon
  5239 | D:7      | Gained mutation: You have a pair of small horns on your head. [mutagenic meat]
  5240 | D:7      | Gained mutation: Your spells are a little harder to cast, but a little more powerful. [mutagenic meat]
  5241 | D:7      | Gained mutation: You have large cloven feet. [mutagenic meat]
  5242 | D:7      | Gained mutation: Armour fits poorly on your strangely shaped body. [mutagenic meat]
  5243 | D:7      | Gained mutation: You have sharp fingernails. [mutagenic meat]
  5319 | D:7      | Reached ** piety under Okawaru
  5661 | D:8      | Gained mutation: You are clumsy. (Dex -2) [mutagenic meat]
  5662 | D:8      | Gained mutation: Your mind is acute. (Int +2) [mutagenic meat]
  5891 | D:8      | Reached *** piety under Okawaru
  5891 | D:8      | Reached skill level 10 in Maces & Flails
  5891 | D:8      | Reached skill level 5 in Shields
  5895 | D:8      | Reached XP level 10. HP: 58/58 MP: 13/13
  6188 | D:9      | Noticed Grum
  6190 | D:9      | Reached skill level 5 in Armour
  6190 | D:9      | Reached skill level 1 in Evocations
  6195 | D:9      | Reached skill level 5 in Fighting
  6195 | D:9      | Reached skill level 5 in Invocations
  6217 | D:9      | Killed Grum
  6219 | D:9      | Reached skill level 5 in Stealth
  6311 | D:9      | Noticed Pikel
  6357 | D:9      | Killed Pikel
  6436 | D:9      | Noticed Erolcha
  6459 | D:9      | Killed Erolcha
  6459 | D:9      | Reached **** piety under Okawaru
  6483 | D:9      | Lost mutation: You have large cloven feet. [potion of cure mutation]
  6483 | D:9      | Lost mutation: You have sharp fingernails. [potion of cure mutation]
  6483 | D:9      | Lost mutation: You have a pair of small horns on your head. [potion of cure mutation]
  6483 | D:9      | Lost mutation: Your mind is acute. (Int +2) [potion of cure mutation]
  6484 | D:9      | Lost mutation: Your spells are a little harder to cast, but a little more powerful. [potion of cure mutation]
  6484 | D:9      | Lost mutation: You are clumsy. (Dex -2) [potion of cure mutation]
  6484 | D:9      | Lost mutation: Armour fits poorly on your strangely shaped body. [potion of cure mutation]
  6804 | D:10     | Entered Level 10 of the Dungeon
  6885 | D:10     | Noticed Urug
  6906 | D:10     | Killed Urug
  6915 | D:10     | Reached skill level 11 in Maces & Flails
  6915 | D:10     | Reached XP level 11. HP: 51/63 MP: 14/14
  7203 | D:10     | Found a staircase to the Lair.
  7546 | D:11     | Noticed a cyclops
  7569 | D:11     | Killed a cyclops
  7569 | D:11     | Reached ***** piety under Okawaru
  7716 | D:11     | Got a slimy trident
  7717 | D:11     | Identified the +8 trident "Fayno" {protect, rC+ Dex+3} (You found it on level 11 of the Dungeon)
  7766 | D:11     | Found a runed door.
  7829 | D:11     | Received a gift from Okawaru
  7886 | D:11     | Noticed a purple ugly thing
  7897 | D:11     | Killed a purple ugly thing
  7897 | D:11     | Reached skill level 12 in Maces & Flails
  7925 | D:11     | Received a gift from Okawaru
  8073 | D:11     | Found a runed door.
  8104 | D:11     | Received a gift from Okawaru
  8221 | D:11     | Noticed a hill giant
  8252 | D:11     | Killed a hill giant
  8583 | Lair:1   | Entered Level 1 of the Lair of Beasts
  8841 | Lair:1   | Found a shadowy altar of Dithmenos.
  8936 | Lair:1   | Reached XP level 12. HP: 66/68 MP: 15/15
  9107 | Lair:1   | Received a gift from Okawaru
  9107 | Lair:1   | Reached skill level 13 in Maces & Flails
  9563 | Lair:2   | Gained mutation: You are dopey. (Int -2) [potion of mutation]
  9563 | Lair:2   | Gained mutation: Scrolls take you a little longer to read. [potion of mutation]
  9563 | Lair:2   | Gained mutation: You expend magic power (3 MP) to strengthen your wands. [potion of mutation]
  9832 | Lair:2   | Noticed a seven-headed hydra
  9843 | Lair:2   | Killed a seven-headed hydra
 10719 | Lair:3   | Noticed a five-headed hydra
 10731 | Lair:3   | Killed a five-headed hydra
 10773 | Lair:3   | Received a gift from Okawaru
 11042 | Lair:4   | Found a staircase to the Shoals.
 11042 | Lair:4   | Noticed Kirke
 11060 | Lair:4   | HP: 3/70 [hippogriff (6)]
 11060 | Lair:4   | HP: 1/70 [scorpion (2)]
 11060 | Lair:4   | Slain by a hippogriff

Skill      XL: |  1  2  3  4  5  6  7  8  9 10 11 12 |
---------------+-------------------------------------+-----
Stealth        | 2 4 6 7 |  7.0
Dodging        | 1 2 3 4 |  4.0
Maces & Flails | 3 4 5 6 8 9 10 11 12 13 | 13.5
Throwing       | 1 4 |  4.4
Invocations    | 2 4 5 |  5.5
Fighting       | 4 5 6 |  6.0
Shields        | 4 5 7 |  7.4
Armour         | 4 5 8 9 |  9.0
Evocations     | 4 |  4.7

Action                   |  1- 3 |  4- 6 |  7- 9 | 10-12 || total
-------------------------+-------+-------+-------+-------++-------
Melee: Flail             |    89 |   271 |   296 |       ||   656
       Mace              |       |       |   180 |   715 ||   895
       Headbutt          |       |       |    19 |    17 ||    36
       Kick              |       |       |    18 |    30 ||    48
       Unarmed           |       |       |       |     5 ||     5
Throw: Javelin           |       |    19 |       |       ||    19
Invok: Heroism           |       |       |     2 |     4 ||     6
  Use: Scroll            |     6 |       |    13 |     9 ||    28
       Potion            |     1 |     8 |     3 |     6 ||    18
 Stab: Sleeping          |       |       |     1 |       ||     1
  Eat: Chunk             |       |     6 |    17 |    14 ||    37
       Bread ration      |       |       |     1 |       ||     1
       Pizza             |       |       |     1 |     1 ||     2
       Royal jelly       |       |       |       |     1 ||     1
Armor: Scale mail        |     4 |       |       |       ||     4
       Chain mail        |    53 |   193 |   275 |   257 ||   778
       Leather armour    |       |       |    63 |    34 ||    97
       Crystal plate arm |       |       |       |     5 ||     5
Dodge: Dodged            |    29 |    65 |   138 |   116 ||   348
Block: Shield            |    53 |   149 |   235 |       ||   437
       Large shield      |       |       |       |   399 ||   399
       Buckler           |       |       |       |    29 ||    29
